Sewer Rats vs Inferno
(R2)
Created - 26 avril 2016 at 20:15
Goals
|
| Sewer Rats |
3 |
1 |
2 |
6 |
| Inferno |
3 |
0 |
1 |
4 |
|
Shots
|
| Sewer Rats |
12 |
11 |
9 |
32 |
| Inferno |
13 |
8 |
5 |
26 |
|
1st period
1. Inferno , Kyle Palmieri 19 (Cal O'Reilly, Vladimir Zharkov) at 5:42
2. Sewer Rats , Peter Mueller 49 (Ville Leino) at 7:11
3. Sewer Rats , Peter Mueller 50 (Matt Lashoff) at 9:11
4. Inferno , Vladimir Zharkov 32 (Colby Robak) at 10:32
5. Sewer Rats , Peter Mueller 51 (Ville Leino, Nick Palmieri) at 12:03
6. Inferno , Vladimir Sobotka 30 (Derek Peltier, Jonathan Ferland) at 12:58
Penalties :
No Penalty
2nd period
7. Sewer Rats , Mark Mancari 40 (Kyle Turris, Lars Eller) at 16:45
Penalties :
Mattias Ekholm (Tol) for Hooking (Minor) at 2:22, Mark Mancari (Tol) for Hooking (Minor) at 7:56, Peter Mueller (Tol) for Hooking (Minor) at 11:52, Patrick Bordeleau (Tol) for Hooking (Minor) at 14:18
3rd period
8. Sewer Rats , Ville Leino 41 (Peter Mueller) at 6:36 (PP)
9. Sewer Rats , Lars Eller 23 (Mark Mancari) at 8:06 (SH)
10. Inferno , Jonathan Ferland 52 (Sami Vatanen) at 11:03
Penalties :
Lars Eller (Tol) for Hooking (Minor) at 1:41, Christian Folin (Anc) for High sticking (Minor) at 6:33, Nick Palmieri (Tol) for Roughing (Minor) at 6:59, Steven Kampfer (Tol) for Roughing (Minor) at 13:06, John Lammers (Tol) for Hooking (Minor) at 16:51
Goalie Stats
Martin Biron (Tol), 22 saves from 26 shots - (0,846), W, 6-2-0, 60:00 minutes
Josh Harding (Anc), 23 saves from 29 shots - (0,793), L, 31-18-4, 48:06 minutes
Michael Hutchinson (Anc), 3 saves from 3 shots - (1,000), 11:54 minutes
Players Stats for Sewer Rats
Player Name G A P +/- PIM S H SB GA TA FO MP PP MP PK MP
------------------------------------------------------------------------------------
Derek Dorsett 0 0 0 -1 0 1 0 0 2 0 0/0 7:16 0:00 0:00
Jared Boll 0 0 0 -1 0 1 2 0 0 1 0/0 10:30 0:00 0:00
Jarred Tinordi 0 0 0 -1 0 0 0 0 0 1 0/0 6:53 0:00 0:00
John Lammers 0 0 0 -1 2 0 1 0 1 1 0/1 13:54 0:00 2:20
John-Michael Liles 0 0 0 2 0 0 2 1 1 0 0/0 24:23 0:03 9:45
Jonathan Marchessault 0 0 0 -1 0 0 1 0 0 1 1/2 7:07 0:00 0:00
Jonathan Paiement 0 0 0 0 0 0 0 1 0 0 0/0 9:47 0:00 0:00
Kyle Quincey 0 0 0 0 0 0 1 0 0 0 0/0 18:57 0:00 6:07
Kyle Turris 0 1 1 1 0 2 0 0 0 2 4/8 13:16 0:00 1:02
Lars Eller 1 1 2 0 2 4 1 1 0 0 5/8 14:17 0:00 3:22
Mark Mancari 1 1 2 2 2 3 3 0 0 0 1/1 15:32 0:00 4:11
Matt Lashoff 0 1 1 0 0 1 0 0 1 0 0/0 18:57 0:00 6:07
Mattias Ekholm 0 0 0 -1 2 0 1 0 0 0 0/0 7:12 0:00 0:00
Nick Palmieri 0 1 1 1 2 2 3 0 0 0 0/0 17:50 0:03 4:22
Patrick Bordeleau 0 0 0 -1 2 1 0 0 0 0 0/0 7:22 0:00 0:00
Peter Mueller 3 1 4 1 2 9 1 2 1 0 16/22 21:57 0:03 7:27
Steven Kampfer 0 0 0 0 2 1 1 0 0 0 0/0 10:19 0:00 0:00
Tim Ramholt 0 0 0 2 0 0 3 1 2 1 0/0 24:23 0:03 9:45
Ville Leino 1 2 3 1 0 7 2 0 0 0 7/11 22:24 0:03 8:18
Vojtech Polak 0 0 0 1 0 0 2 0 0 0 0/1 11:44 0:00 0:42
Players Stats for Inferno
Player Name G A P +/- PIM S H SB GA TA FO MP PP MP PK MP
------------------------------------------------------------------------------------
Anders Lee 0 0 0 0 0 2 2 0 1 0 3/5 9:08 0:27 0:00
Beau Bennett 0 0 0 0 0 1 2 1 0 0 0/1 9:05 0:27 0:00
Brendan Mikkelson 0 0 0 -1 0 1 0 1 1 0 0/0 22:10 6:46 0:00
Brian Boyle 0 0 0 1 0 2 2 0 0 0 4/11 12:42 0:00 0:00
Cal O'Reilly 0 1 1 0 0 2 3 0 1 0 3/4 15:47 7:01 0:00
Christian Folin 0 0 0 0 2 0 1 0 0 0 0/0 7:44 0:00 0:00
Colby Robak 0 1 1 -1 0 0 1 1 1 2 0/0 22:13 6:46 0:03
David Ullstrom 0 0 0 1 0 0 1 0 0 0 0/0 18:44 7:01 0:00
Derek Peltier 0 1 1 0 0 2 0 1 0 1 0/0 26:25 9:06 0:03
Jonathan Ferland 1 1 2 -2 0 2 2 0 0 0 1/2 22:23 8:24 0:03
Kyle Palmieri 1 0 1 0 0 4 2 0 1 1 2/2 11:08 0:27 0:00
Matt Kassian 0 0 0 0 0 0 1 1 0 0 0/0 9:25 0:00 0:00
Sami Vatanen 0 1 1 0 0 0 2 0 1 2 0/0 26:22 9:06 0:00
Simon Danis-Pepin 0 0 0 0 0 3 1 2 0 0 0/0 11:25 0:00 0:00
Stephane Veilleux 0 0 0 -2 0 1 4 1 0 0 2/3 22:23 8:24 0:00
Vladimir Sobotka 1 0 1 -2 0 3 0 1 0 0 5/26 22:23 8:24 0:03
Vladimir Zharkov 1 1 2 1 0 2 3 0 1 0 0/0 19:04 7:01 0:00
Zach Redmond 0 0 0 0 0 1 0 2 0 2 0/0 11:25 0:00 0:00
3 Stars
1 - Peter Mueller (Tol)
2 - Ville Leino (Tol)
3 - Vladimir Zharkov (Anc)
Power Play
Sewer Rats - 1 on 1 Attempt(s) - 100,00%
Inferno - 0 on 8 Attempt(s) - 0,00%
Penalty Kill
Sewer Rats - 8 on 8 Attempt(s) - 100,00%
- Score 1 goal in Penalty Kill
Inferno - 0 on 1 Attempt(s) - 0,00%
- Score 0 goal in Penalty Kill
Team Stat
Sewer Rats - Hits : 24 - Faceoff Wins : 34 - Blocked Shots : 6 - Penalty Minutes : 16
Inferno - Hits : 27 - Faceoff Wins : 20 - Blocked Shots : 11 - Penalty Minutes : 2
Official
Referees : Pochmara Brian and Martell Rob
Linesman : Brian Mach and Brad Kovachik
Game Notes
Peter Mueller has scored a Hat Trick!
Michael Hutchinson enters game at 8:06 of 3rd period
Finance
Level 1 -- Attendance: 1548 (77,40%) -- Ticket Income 54 180 $
Level 2 -- Attendance: 682 (68,20%) -- Ticket Income 10 230 $
Total Attendance: 2230 (74,33%)
Total Ticket Income: 64 410 $
Other Income: 3 220 $
Total Income: 67 630 $
Sewer Rats
5 vs 5 Forward
Center Left Wing Right Wing Time % Phy DF OF
1 Peter Mueller Ville Leino Nick Palmieri 40 1 2 2
2 Kyle Turris Vojtech Polak Mark Mancari 30 1 2 2
3 Lars Eller John Lammers Jared Boll 20 1 2 2
4 Jonathan Marchessault Patrick Bordeleau Derek Dorsett 10 1 2 2
5 vs 5 Defense
Defense Defense Time % Phy DF OF
1 Tim Ramholt John-Michael Liles 40 1 2 2
2 Matt Lashoff Kyle Quincey 30 1 2 2
3 Steven Kampfer Jonathan Paiement 20 1 2 2
4 Mattias Ekholm Jarred Tinordi 10 1 2 2
PowerPlay Forward
Center Left Wing Right Wing Time % Phy DF OF
1 Peter Mueller Ville Leino Nick Palmieri 60 1 2 2
2 Kyle Turris Vojtech Polak Mark Mancari 40 1 2 2
PowerPlay Defense
Defense Defense Time % Phy DF OF
1 Tim Ramholt John-Michael Liles 60 1 2 2
2 Matt Lashoff Kyle Quincey 40 1 2 2
Penalty Kill 4 Players Forward
Center Wing Time % Phy DF OF
1 Ville Leino Peter Mueller 60 1 2 2
2 Nick Palmieri Mark Mancari 40 1 2 2
Penalty Kill 4 Players Defense
Defense Defense Time % Phy DF OF
1 Tim Ramholt John-Michael Liles 60 1 2 2
2 Matt Lashoff Kyle Quincey 40 1 2 2
Penalty Kill - 3 Players Forward
Forward Time % Phy DF OF
1 Ville Leino 60 1 2 2
2 Peter Mueller 40 1 2 2
Penalty Kill - 3 Players Defense
Defense Defense Time % Phy DF OF
1 Tim Ramholt John-Michael Liles 60 1 2 2
2 Matt Lashoff Kyle Quincey 40 1 2 2
4 vs 4 Forward
Center Wing Time % Phy DF OF
1 Ville Leino Peter Mueller 60 1 2 2
2 Nick Palmieri Mark Mancari 40 1 2 2
4 vs 4 Defense
Defense Defense Time % Phy DF OF
1 Tim Ramholt John-Michael Liles 60 1 2 2
2 Matt Lashoff Kyle Quincey 40 1 2 2
Last Minutes Offensive
Center Left Wing Right Wing Defense Defense
Peter Mueller Ville Leino Nick Palmieri Tim Ramholt John-Michael Liles
Last Minutes Defensive
Center Left Wing Right Wing Defense Defense
Peter Mueller Ville Leino Nick Palmieri Tim Ramholt John-Michael Liles
Goaltenders
Starting : Martin Biron
Backup : Richard Bachman
Extra Forwards
Normal : Jared Boll, Derek Dorsett, Lars Eller - PP : Jared Boll, Derek Dorsett - PK : Lars Eller
Extra Defensemen
Normal : Steven Kampfer, Jonathan Paiement, Mattias Ekholm - PP : Steven Kampfer - PK : Jonathan Paiement, Mattias Ekholm
Penalty Shots
Ville Leino, Peter Mueller, Nick Palmieri, Mark Mancari, Vojtech Polak
Inferno
5 vs 5 Forward
Center Left Wing Right Wing Time % Phy DF OF
1 Vladimir Sobotka Stephane Veilleux Jonathan Ferland 40 1 2 2
2 Brian Boyle David Ullstrom Vladimir Zharkov 30 1 2 2
3 Cal O'Reilly Matt Kassian Kyle Palmieri 20 1 2 2
4 Anders Lee Christian Folin Beau Bennett 10 1 2 2
5 vs 5 Defense
Defense Defense Time % Phy DF OF
1 Sami Vatanen Derek Peltier 40 1 2 2
2 Colby Robak Brendan Mikkelson 30 1 2 2
3 Simon Danis-Pepin Zach Redmond 20 1 2 2
4 Colby Robak Brendan Mikkelson 10 1 2 2
PowerPlay Forward
Center Left Wing Right Wing Time % Phy DF OF
1 Vladimir Sobotka Stephane Veilleux Jonathan Ferland 60 1 2 2
2 Cal O'Reilly David Ullstrom Vladimir Zharkov 40 1 2 2
PowerPlay Defense
Defense Defense Time % Phy DF OF
1 Sami Vatanen Derek Peltier 60 1 2 2
2 Colby Robak Brendan Mikkelson 40 1 2 2
Penalty Kill 4 Players Forward
Center Wing Time % Phy DF OF
1 Vladimir Sobotka Jonathan Ferland 60 1 2 2
2 Brian Boyle Stephane Veilleux 40 1 2 2
Penalty Kill 4 Players Defense
Defense Defense Time % Phy DF OF
1 Colby Robak Derek Peltier 60 1 2 2
2 Simon Danis-Pepin Brendan Mikkelson 40 1 2 2
Penalty Kill - 3 Players Forward
Forward Time % Phy DF OF
1 Jonathan Ferland 60 1 2 2
2 Vladimir Sobotka 40 1 2 2
Penalty Kill - 3 Players Defense
Defense Defense Time % Phy DF OF
1 Colby Robak Derek Peltier 60 1 2 2
2 Simon Danis-Pepin Brendan Mikkelson 40 1 2 2
4 vs 4 Forward
Center Wing Time % Phy DF OF
1 Vladimir Sobotka Jonathan Ferland 60 1 2 2
2 Brian Boyle Stephane Veilleux 40 1 2 2
4 vs 4 Defense
Defense Defense Time % Phy DF OF
1 Sami Vatanen Derek Peltier 60 1 2 2
2 Colby Robak Brendan Mikkelson 40 1 2 2
Last Minutes Offensive
Center Left Wing Right Wing Defense Defense
Vladimir Sobotka Stephane Veilleux Jonathan Ferland Sami Vatanen Derek Peltier
Last Minutes Defensive
Center Left Wing Right Wing Defense Defense
Vladimir Sobotka Stephane Veilleux Jonathan Ferland Colby Robak Brendan Mikkelson
Goaltenders
Starting : Josh Harding
Backup : Michael Hutchinson
Extra Forwards
Normal : Vladimir Sobotka, Vladimir Zharkov, Brian Boyle - PP : Beau Bennett, Kyle Palmieri - PK : Brian Boyle
Extra Defensemen
Normal : Colby Robak, Brendan Mikkelson, Simon Danis-Pepin - PP : Brendan Mikkelson - PK : Brendan Mikkelson, Simon Danis-Pepin
Penalty Shots
Stephane Veilleux, Vladimir Zharkov, Jonathan Ferland, Anders Lee, Beau Bennett
% Time on Ice - Sewer Rats
Lines # - Real PCT - Wanted PCT - Time Play
Normal Forward
1 - 36% - 40% - 15:43
2 - 25% - 30% - 11:02
3 - 23% - 20% - 10:13
4 - 16% - 10% - 7:07
Normal Defense
1 - 33% - 40% - 14:35
2 - 29% - 30% - 12:50
3 - 22% - 20% - 9:47
4 - 16% - 10% - 6:53
PP Forward
1 - 100% - 60% - 0:03
2 - 0% - 40% - 0:00
PP Defense
1 - 100% - 60% - 0:03
2 - 0% - 40% - 0:00
PK Forward
1 - 69% - 60% - 10:58
2 - 31% - 40% - 4:54
PK Defense
1 - 61% - 60% - 9:45
2 - 39% - 40% - 6:07
PK3 Forward
1 - 0% - 60%
2 - 0% - 40%
PK3 Defense
1 - 0% - 60%
2 - 0% - 40%
44 Forward
1 - 0% - 60%
2 - 0% - 40%
44 Defense
1 - 0% - 60%
2 - 0% - 40%
Last Minute Offensive - 0:00
Last Minute Defensive - 0:00
Total
Forward - 60:00
Defense - 60:00
|
% Time on Ice - Inferno
Lines # - Real PCT - Wanted PCT - Time Play
Normal Forward
1 - 35% - 40% - 15:24
2 - 28% - 30% - 12:10
3 - 20% - 20% - 8:46
4 - 18% - 10% - 7:45
Normal Defense
1 - 39% - 40% - 17:16
2 - 30% - 30% - 13:05
3 - 26% - 20% - 11:25
4 - 5% - 10% - 2:19
PP Forward
1 - 55% - 60% - 8:45
2 - 45% - 40% - 7:07
PP Defense
1 - 57% - 60% - 9:06
2 - 43% - 40% - 6:46
PK Forward
1 - 100% - 60% - 0:03
2 - 0% - 40% - 0:00
PK Defense
1 - 100% - 60% - 0:03
2 - 0% - 40% - 0:00
PK3 Forward
1 - 0% - 60%
2 - 0% - 40%
PK3 Defense
1 - 0% - 60%
2 - 0% - 40%
44 Forward
1 - 0% - 60%
2 - 0% - 40%
44 Defense
1 - 0% - 60%
2 - 0% - 40%
Last Minute Offensive - 0:00
Last Minute Defensive - 0:00
Total
Forward - 60:00
Defense - 60:00
|
Play by Play
1st period
0:01 of 1st period - Peter Mueller wins face-off versus Vladimir Sobotka in neutral zone.
0:16 of 1st period - Snap shot by Ville Leino.
0:16 of 1st period - Stopped by Josh Harding without a rebound.
0:17 of 1st period - Kyle Turris wins face-off versus Brian Boyle in Inferno zone.
0:28 of 1st period - Slapshot by Vojtech Polak.
0:28 of 1st period - Shot Misses the Net.
1:07 of 1st period - Slapshot by Peter Mueller.
1:07 of 1st period - Shot Blocked by Zach Redmond.
1:29 of 1st period - Wrist shot by Anders Lee.
1:29 of 1st period - Shot Misses the Net.
1:31 of 1st period - Slapshot by Simon Danis-Pepin.
1:31 of 1st period - Shot Misses the Net.
1:33 of 1st period - Slapshot by Zach Redmond.
1:33 of 1st period - Deflect By Anders Lee.
1:33 of 1st period - Stopped by Martin Biron with a rebound.
1:44 of 1st period - Icing by Simon Danis-Pepin.
1:45 of 1st period - Anders Lee wins face-off versus Kyle Turris in Inferno zone.
2:31 of 1st period - Snap shot by Jared Boll.
2:31 of 1st period - Stopped by Josh Harding without a rebound.
2:32 of 1st period - Cal O'Reilly wins face-off versus Lars Eller in Inferno zone.
2:45 of 1st period - Wrist shot by Jared Boll.
2:45 of 1st period - Shot Misses the Net.
3:25 of 1st period - Slapshot by Kyle Turris.
3:25 of 1st period - Shot Misses the Net.
3:27 of 1st period - Slapshot by Mattias Ekholm.
3:27 of 1st period - Shot Hit the Post.
3:46 of 1st period - Snap shot by Derek Dorsett.
3:46 of 1st period - Shot Blocked by Beau Bennett.
4:01 of 1st period - Slapshot by Lars Eller.
4:01 of 1st period - Stopped by Josh Harding with a rebound.
4:40 of 1st period - Mark Mancari is hit by Beau Bennett.
4:46 of 1st period - Snap shot by Anders Lee.
4:46 of 1st period - Stopped by Martin Biron with a rebound.
5:06 of 1st period - Slapshot by John-Michael Liles.
5:06 of 1st period - Shot Misses the Net.
5:08 of 1st period - Slapshot by Derek Dorsett.
5:08 of 1st period - Shot Blocked by Vladimir Sobotka.
5:10 of 1st period - Wrist shot by Patrick Bordeleau.
5:10 of 1st period - Stopped by Josh Harding with a rebound.
5:42 of 1st period - Snap shot by Kyle Palmieri.
5:42 of 1st period - Goal by Kyle Palmieri - Sewer Rats : 0 - Inferno : 1.
5:43 of 1st period - Vladimir Sobotka wins face-off versus Peter Mueller in neutral zone.
5:50 of 1st period - Slapshot by Vladimir Sobotka.
5:50 of 1st period - Stopped by Martin Biron with a rebound.
7:05 of 1st period - Snap shot by Derek Dorsett.
7:05 of 1st period - Stopped by Josh Harding without a rebound.
7:06 of 1st period - Peter Mueller wins face-off versus Vladimir Sobotka in Inferno zone.
7:11 of 1st period - Slapshot by Peter Mueller.
7:11 of 1st period - Goal by Peter Mueller - Sewer Rats : 1 - Inferno : 1.
7:12 of 1st period - Peter Mueller wins face-off versus Vladimir Sobotka in neutral zone.
7:37 of 1st period - David Ullstrom is hit by Tim Ramholt and loses puck.
8:14 of 1st period - Icing by John Lammers.
8:15 of 1st period - Lars Eller wins face-off versus Anders Lee in Sewer Rats zone.
8:18 of 1st period - Wrist shot by Stephane Veilleux.
8:18 of 1st period - Shot Misses the Net.
8:20 of 1st period - Slapshot by Derek Peltier.
8:20 of 1st period - Stopped by Martin Biron without a rebound.
8:21 of 1st period - Peter Mueller wins face-off versus Vladimir Sobotka in Sewer Rats zone.
8:37 of 1st period - Icing by Jonathan Ferland.
8:38 of 1st period - Vladimir Sobotka wins face-off versus Kyle Turris in Inferno zone.
9:11 of 1st period - Wrist shot by Peter Mueller.
9:11 of 1st period - Goal by Peter Mueller - Sewer Rats : 2 - Inferno : 1.
9:12 of 1st period - Peter Mueller wins face-off versus Brian Boyle in neutral zone.
9:17 of 1st period - Snap shot by Ville Leino.
9:17 of 1st period - Shot Blocked by Colby Robak.
9:19 of 1st period - Wrist shot by Peter Mueller.
9:19 of 1st period - Stopped by Josh Harding with a rebound.
9:21 of 1st period - Slapshot by Matt Lashoff.
9:21 of 1st period - Deflect By Colby Robak.
9:21 of 1st period - Stopped by Josh Harding without a rebound.
9:22 of 1st period - Brian Boyle wins face-off versus Peter Mueller in Inferno zone.
9:31 of 1st period - Slapshot by Brian Boyle.
9:31 of 1st period - Stopped by Martin Biron with a rebound.
9:39 of 1st period - Snap shot by Peter Mueller.
9:39 of 1st period - Stopped by Josh Harding with a rebound.
9:41 of 1st period - Slapshot by Matt Lashoff.
9:41 of 1st period - Deflect By Nick Palmieri.
9:41 of 1st period - Stopped by Josh Harding without a rebound.
9:42 of 1st period - Mark Mancari wins face-off versus Vladimir Sobotka in Inferno zone.
9:45 of 1st period - Snap shot by Vojtech Polak.
9:45 of 1st period - Shot Blocked by Derek Peltier.
9:55 of 1st period - Wrist shot by Stephane Veilleux.
9:55 of 1st period - Stopped by Martin Biron without a rebound.
9:56 of 1st period - Peter Mueller wins face-off versus Brian Boyle in Sewer Rats zone.
9:56 of 1st period - Peter Mueller is hit by Vladimir Zharkov.
10:23 of 1st period - Brendan Mikkelson is hit by Jonathan Marchessault and loses puck.
10:32 of 1st period - Snap shot by Vladimir Zharkov.
10:32 of 1st period - Goal by Vladimir Zharkov - Sewer Rats : 2 - Inferno : 2.
10:33 of 1st period - Kyle Turris wins face-off versus Vladimir Sobotka in neutral zone.
11:00 of 1st period - Kyle Turris is hit by Brian Boyle and loses puck.
11:11 of 1st period - Wrist shot by Vladimir Zharkov.
11:11 of 1st period - Stopped by Martin Biron with a rebound.
11:13 of 1st period - Slapshot by Derek Peltier.
11:13 of 1st period - Stopped by Martin Biron without a rebound.
11:14 of 1st period - Peter Mueller wins face-off versus Vladimir Sobotka in Sewer Rats zone.
11:23 of 1st period - Wrist shot by Jonathan Ferland.
11:23 of 1st period - Shot Misses the Net.
11:28 of 1st period - Off-side.
11:29 of 1st period - Cal O'Reilly wins face-off versus John Lammers in neutral zone.
12:01 of 1st period - Slapshot by Ville Leino.
12:01 of 1st period - Shot Misses the Net.
12:03 of 1st period - Snap shot by Peter Mueller.
12:03 of 1st period - Goal by Peter Mueller - Sewer Rats : 3 - Inferno : 2.
12:04 of 1st period - Peter Mueller wins face-off versus Vladimir Sobotka in neutral zone.
12:09 of 1st period - Slapshot by Peter Mueller.
12:09 of 1st period - Deflect By Ville Leino.
12:09 of 1st period - Shot Misses the Net.
12:09 of 1st period - Puck is out of play.
12:10 of 1st period - Peter Mueller wins face-off versus Vladimir Sobotka in Inferno zone.
12:34 of 1st period - Wrist shot by Nick Palmieri.
12:34 of 1st period - Shot Blocked by Stephane Veilleux.
12:52 of 1st period - Snap shot by Stephane Veilleux.
12:52 of 1st period - Shot Misses the Net.
12:54 of 1st period - Wrist shot by Jonathan Ferland.
12:54 of 1st period - Stopped by Martin Biron with a rebound.
12:56 of 1st period - Slapshot by Derek Peltier.
12:56 of 1st period - Shot Blocked by Peter Mueller.
12:58 of 1st period - Backhand shot by Vladimir Sobotka.
12:58 of 1st period - Goal by Vladimir Sobotka - Sewer Rats : 3 - Inferno : 3.
12:59 of 1st period - Kyle Palmieri wins face-off versus Kyle Turris in neutral zone.
13:26 of 1st period - Brendan Mikkelson is hit by Jared Boll and loses puck.
13:33 of 1st period - Vladimir Zharkov is hit by John-Michael Liles and loses puck.
13:55 of 1st period - Wrist shot by Derek Dorsett.
13:55 of 1st period - Shot Misses the Net.
14:07 of 1st period - Vladimir Sobotka is hit by Nick Palmieri and loses puck.
14:39 of 1st period - Icing by Sami Vatanen.
14:40 of 1st period - Kyle Palmieri wins face-off versus Peter Mueller in Inferno zone.
14:57 of 1st period - Off-side.
14:58 of 1st period - Brian Boyle wins face-off versus Vojtech Polak in neutral zone.
15:50 of 1st period - Patrick Bordeleau is hit by Kyle Palmieri and loses puck.
16:27 of 1st period - Mark Mancari is hit by Brian Boyle and loses puck.
16:56 of 1st period - Stephane Veilleux is hit by Ville Leino and loses puck.
17:37 of 1st period - Wrist shot by Brian Boyle.
17:37 of 1st period - Stopped by Martin Biron with a rebound.
17:41 of 1st period - Wrist shot by Brian Boyle.
17:41 of 1st period - Shot Misses the Net.
17:52 of 1st period - Icing by Tim Ramholt.
17:53 of 1st period - Lars Eller wins face-off versus Anders Lee in Sewer Rats zone.
18:02 of 1st period - John-Michael Liles is hit by Anders Lee and loses puck.
18:19 of 1st period - Snap shot by Ville Leino.
18:19 of 1st period - Deflect By Stephane Veilleux.
18:19 of 1st period - Shot Blocked by Simon Danis-Pepin.
18:19 of 1st period - Puck is out of play.
18:20 of 1st period - Stephane Veilleux wins face-off versus Peter Mueller in Inferno zone.
19:12 of 1st period - Cal O'Reilly is hit by Vojtech Polak and loses puck.
19:31 of 1st period - Snap shot by Steven Kampfer.
19:31 of 1st period - Shot Misses the Net.
19:33 of 1st period - Wrist shot by Derek Dorsett.
19:33 of 1st period - Shot Misses the Net.
Goals for this period are 3 for Sewer Rats vs 3 for Inferno.
Shots for this period are 12 for Sewer Rats vs 13 for Inferno.
2nd period
0:01 of 2nd period - Kyle Turris wins face-off versus Brian Boyle in neutral zone.
0:26 of 2nd period - Stephane Veilleux is hit by Peter Mueller and loses puck.
0:33 of 2nd period - Slapshot by Peter Mueller.
0:33 of 2nd period - Stopped by Josh Harding with a rebound.
0:49 of 2nd period - Wrist shot by Cal O'Reilly.
0:49 of 2nd period - Stopped by Martin Biron without a rebound.
0:50 of 2nd period - Lars Eller wins face-off versus Cal O'Reilly in Sewer Rats zone.
1:01 of 2nd period - Lars Eller is hit by Cal O'Reilly and loses puck.
1:08 of 2nd period - Wrist shot by Kyle Palmieri.
1:08 of 2nd period - Stopped by Martin Biron with a rebound.
1:10 of 2nd period - Slapshot by Simon Danis-Pepin.
1:10 of 2nd period - Deflect By John-Michael Liles.
1:10 of 2nd period - Stopped by Martin Biron with a rebound.
1:26 of 2nd period - Snap shot by Kyle Palmieri.
1:26 of 2nd period - Stopped by Martin Biron without a rebound.
1:27 of 2nd period - Peter Mueller wins face-off versus Vladimir Sobotka in Sewer Rats zone.
2:22 of 2nd period - Minor Penalty to Mattias Ekholm for Hooking.
2:23 of 2nd period - Ville Leino wins face-off versus Vladimir Sobotka in Sewer Rats zone.
2:29 of 2nd period - Slapshot by Ville Leino.
2:29 of 2nd period - Stopped by Josh Harding with a rebound.
2:49 of 2nd period - Tim Ramholt is hit by Vladimir Zharkov and loses puck.
3:56 of 2nd period - Tim Ramholt is hit by Jonathan Ferland.
4:22 of 2nd period - Penalty to Mattias Ekholm is over, Mattias Ekholm is back on ice.
4:29 of 2nd period - Snap shot by Kyle Turris.
4:29 of 2nd period - Stopped by Josh Harding with a rebound.
4:37 of 2nd period - Snap shot by Peter Mueller.
4:37 of 2nd period - Shot Misses the Net.
4:41 of 2nd period - Snap shot by Kyle Turris.
4:41 of 2nd period - Stopped by Josh Harding without a rebound.
4:42 of 2nd period - Lars Eller wins face-off versus Brian Boyle in Inferno zone.
4:55 of 2nd period - Lars Eller is hit by Simon Danis-Pepin and loses puck.
5:31 of 2nd period - Simon Danis-Pepin is hit by Vojtech Polak and loses puck.
5:50 of 2nd period - Slapshot by Anders Lee.
5:50 of 2nd period - Shot Misses the Net.
5:52 of 2nd period - Snap shot by Kyle Palmieri.
5:52 of 2nd period - Shot Misses the Net.
5:54 of 2nd period - Slapshot by Simon Danis-Pepin.
5:54 of 2nd period - Stopped by Martin Biron with a rebound.
5:56 of 2nd period - Backhand shot by Zach Redmond.
5:56 of 2nd period - Stopped by Martin Biron with a rebound.
5:58 of 2nd period - Slapshot by Zach Redmond.
5:58 of 2nd period - Shot Blocked by Lars Eller.
6:00 of 2nd period - Slapshot by Simon Danis-Pepin.
6:00 of 2nd period - Stopped by Martin Biron with a rebound.
7:03 of 2nd period - Christian Folin is hit by Nick Palmieri and loses puck.
7:23 of 2nd period - Kyle Quincey is hit by Sami Vatanen and loses puck.
7:44 of 2nd period - Wrist shot by Mark Mancari.
7:44 of 2nd period - Stopped by Josh Harding with a rebound.
7:56 of 2nd period - Minor Penalty to Mark Mancari for Hooking.
7:57 of 2nd period - Ville Leino wins face-off versus Vladimir Sobotka in Sewer Rats zone.
8:02 of 2nd period - Snap shot by Peter Mueller.
8:02 of 2nd period - Stopped by Josh Harding with a rebound.
8:04 of 2nd period - Slapshot by Peter Mueller.
8:04 of 2nd period - Stopped by Josh Harding without a rebound.
8:05 of 2nd period - Ville Leino wins face-off versus Stephane Veilleux in Inferno zone.
8:18 of 2nd period - Snap shot by Ville Leino.
8:18 of 2nd period - Stopped by Josh Harding without a rebound.
8:19 of 2nd period - Ville Leino wins face-off versus Vladimir Sobotka in Inferno zone.
9:56 of 2nd period - Penalty to Mark Mancari is over, Mark Mancari is back on ice.
10:04 of 2nd period - Mark Mancari is hit by Beau Bennett and loses puck.
11:15 of 2nd period - Slapshot by Steven Kampfer.
11:15 of 2nd period - Shot Misses the Net.
11:35 of 2nd period - Wrist shot by Cal O'Reilly.
11:35 of 2nd period - Shot Misses the Net.
11:52 of 2nd period - Minor Penalty to Peter Mueller for Hooking.
11:53 of 2nd period - Stephane Veilleux wins face-off versus Ville Leino in Sewer Rats zone.
12:11 of 2nd period - Lars Eller is hit by Stephane Veilleux and loses puck.
12:59 of 2nd period - Jonathan Ferland is hit by Mark Mancari and loses puck.
13:52 of 2nd period - Penalty to Peter Mueller is over, Peter Mueller is back on ice.
13:56 of 2nd period - Slapshot by Brendan Mikkelson.
13:56 of 2nd period - Stopped by Martin Biron without a rebound.
13:57 of 2nd period - Anders Lee wins face-off versus Jonathan Marchessault in Sewer Rats zone.
13:58 of 2nd period - Wrist shot by Beau Bennett.
13:58 of 2nd period - Shot Blocked by Jonathan Paiement.
14:00 of 2nd period - Slapshot by Zach Redmond.
14:00 of 2nd period - Shot Misses the Net.
14:02 of 2nd period - Slapshot by Christian Folin.
14:02 of 2nd period - Shot Misses the Net.
14:18 of 2nd period - Minor Penalty to Patrick Bordeleau for Hooking.
14:19 of 2nd period - Cal O'Reilly wins face-off versus Ville Leino in Sewer Rats zone.
14:45 of 2nd period - Stephane Veilleux is hit by Kyle Quincey and loses puck.
15:16 of 2nd period - Nick Palmieri is hit by Vladimir Zharkov and loses puck.
15:45 of 2nd period - Cal O'Reilly is hit by Nick Palmieri and loses puck.
15:52 of 2nd period - Nick Palmieri is hit by Cal O'Reilly and loses puck.
16:07 of 2nd period - Lars Eller is hit by Stephane Veilleux and loses puck.
16:18 of 2nd period - Penalty to Patrick Bordeleau is over, Patrick Bordeleau is back on ice.
16:43 of 2nd period - Snap shot by Kyle Turris.
16:43 of 2nd period - Shot Blocked by Simon Danis-Pepin.
16:45 of 2nd period - Snap shot by Mark Mancari.
16:45 of 2nd period - Goal by Mark Mancari - Sewer Rats : 4 - Inferno : 3.
16:46 of 2nd period - Peter Mueller wins face-off versus Vladimir Sobotka in neutral zone.
16:59 of 2nd period - Snap shot by Nick Palmieri.
16:59 of 2nd period - Stopped by Josh Harding with a rebound.
17:01 of 2nd period - Snap shot by Nick Palmieri.
17:01 of 2nd period - Deflect By Vladimir Sobotka.
17:01 of 2nd period - Shot Misses the Net.
17:01 of 2nd period - Puck is out of play.
17:02 of 2nd period - Brian Boyle wins face-off versus Kyle Turris in Inferno zone.
17:02 of 2nd period - Brian Boyle is hit by Mark Mancari.
17:34 of 2nd period - Off-side.
17:35 of 2nd period - Vladimir Sobotka wins face-off versus Lars Eller in neutral zone.
17:35 of 2nd period - Sami Vatanen is hit by Tim Ramholt and loses puck.
17:39 of 2nd period - Sami Vatanen is hit by John-Michael Liles and loses puck.
18:23 of 2nd period - Off-side.
18:24 of 2nd period - Kyle Turris wins face-off versus Brian Boyle in neutral zone.
18:33 of 2nd period - Wrist shot by Mark Mancari.
18:33 of 2nd period - Shot Blocked by Brendan Mikkelson.
18:51 of 2nd period - Brendan Mikkelson is hit by Jared Boll and loses puck.
19:20 of 2nd period - Wrist shot by Ville Leino.
19:20 of 2nd period - Stopped by Josh Harding with a rebound.
Goals for this period are 1 for Sewer Rats vs 0 for Inferno.
Shots for this period are 11 for Sewer Rats vs 8 for Inferno.
3rd period
0:01 of 3rd period - Peter Mueller wins face-off versus Vladimir Sobotka in neutral zone.
0:34 of 3rd period - Wrist shot by Jared Boll.
0:34 of 3rd period - Shot Misses the Net.
0:54 of 3rd period - Wrist shot by Derek Dorsett.
0:54 of 3rd period - Deflect By Vladimir Sobotka.
0:54 of 3rd period - Shot Misses the Net.
0:54 of 3rd period - Puck is out of play.
0:55 of 3rd period - Jonathan Marchessault wins face-off versus Brian Boyle in Inferno zone.
1:24 of 3rd period - Snap shot by Mark Mancari.
1:24 of 3rd period - Stopped by Josh Harding with a rebound.
1:41 of 3rd period - Minor Penalty to Lars Eller for Hooking.
1:42 of 3rd period - Ville Leino wins face-off versus Vladimir Sobotka in Sewer Rats zone.
1:42 of 3rd period - Ville Leino is hit by Stephane Veilleux.
1:52 of 3rd period - Snap shot by Ville Leino.
1:52 of 3rd period - Shot Misses the Net.
2:08 of 3rd period - David Ullstrom is hit by Mark Mancari and loses puck.
3:15 of 3rd period - Derek Peltier is hit by Tim Ramholt and loses puck.
3:41 of 3rd period - Penalty to Lars Eller is over, Lars Eller is back on ice.
3:47 of 3rd period - John Lammers is hit by Anders Lee and loses puck.
5:43 of 3rd period - John Lammers is hit by Stephane Veilleux and loses puck.
6:26 of 3rd period - Slapshot by Tim Ramholt.
6:26 of 3rd period - Shot Misses the Net.
6:28 of 3rd period - Wrist shot by Ville Leino.
6:28 of 3rd period - Stopped by Josh Harding without a rebound.
6:29 of 3rd period - Peter Mueller wins face-off versus Beau Bennett in Inferno zone.
6:30 of 3rd period - Wrist shot by Ville Leino.
6:30 of 3rd period - Stopped by Josh Harding without a rebound.
6:31 of 3rd period - Anders Lee wins face-off versus Peter Mueller in Inferno zone.
6:33 of 3rd period - Minor Penalty to Christian Folin for High sticking.
6:34 of 3rd period - Peter Mueller wins face-off versus Vladimir Sobotka in Inferno zone.
6:36 of 3rd period - Slapshot by Ville Leino.
6:36 of 3rd period - Goal by Ville Leino - Sewer Rats : 5 - Inferno : 3.
6:37 of 3rd period - Peter Mueller wins face-off versus Vladimir Sobotka in neutral zone.
6:53 of 3rd period - Slapshot by Derek Peltier.
6:53 of 3rd period - Shot Misses the Net.
6:59 of 3rd period - Minor Penalty to Nick Palmieri for Roughing.
7:00 of 3rd period - Ville Leino wins face-off versus Jonathan Ferland in Sewer Rats zone.
7:26 of 3rd period - Ville Leino is hit by David Ullstrom and loses puck.
7:41 of 3rd period - David Ullstrom is hit by Ville Leino and loses puck.
8:02 of 3rd period - Backhand shot by Ville Leino.
8:02 of 3rd period - Deflect By Peter Mueller.
8:02 of 3rd period - Stopped by Josh Harding without a rebound.
8:03 of 3rd period - Lars Eller wins face-off versus Vladimir Sobotka in Inferno zone.
8:06 of 3rd period - Snap shot by Lars Eller.
8:06 of 3rd period - Goal by Lars Eller - Sewer Rats : 6 - Inferno : 3.
8:06 of 3rd period - Michael Hutchinson enters game.
8:07 of 3rd period - Jonathan Ferland wins face-off versus Ville Leino in neutral zone.
8:10 of 3rd period - Wrist shot by Sami Vatanen.
8:10 of 3rd period - Shot Misses the Net.
8:16 of 3rd period - Wrist shot by Vladimir Sobotka.
8:16 of 3rd period - Stopped by Martin Biron with a rebound.
8:18 of 3rd period - Slapshot by Derek Peltier.
8:18 of 3rd period - Shot Blocked by Tim Ramholt.
8:22 of 3rd period - Wrist shot by Vladimir Sobotka.
8:22 of 3rd period - Shot Blocked by Peter Mueller.
8:59 of 3rd period - Penalty to Nick Palmieri is over, Nick Palmieri is back on ice.
9:19 of 3rd period - Wrist shot by Beau Bennett.
9:19 of 3rd period - Stopped by Martin Biron with a rebound.
9:33 of 3rd period - Derek Dorsett is hit by Cal O'Reilly and loses puck.
10:04 of 3rd period - Brendan Mikkelson is hit by Steven Kampfer and loses puck.
10:44 of 3rd period - Vojtech Polak is hit by Matt Kassian and loses puck.
11:03 of 3rd period - Wrist shot by Jonathan Ferland.
11:03 of 3rd period - Goal by Jonathan Ferland - Sewer Rats : 6 - Inferno : 4.
11:04 of 3rd period - Peter Mueller wins face-off versus Vladimir Sobotka in neutral zone.
12:04 of 3rd period - Snap shot by Cal O'Reilly.
12:04 of 3rd period - Stopped by Martin Biron with a rebound.
12:06 of 3rd period - Slapshot by Cal O'Reilly.
12:06 of 3rd period - Shot Misses the Net.
12:18 of 3rd period - Ville Leino is hit by Christian Folin and loses puck.
13:06 of 3rd period - Minor Penalty to Steven Kampfer for Roughing.
13:07 of 3rd period - Vladimir Sobotka wins face-off versus Ville Leino in Sewer Rats zone.
13:42 of 3rd period - Snap shot by Colby Robak.
13:42 of 3rd period - Shot Blocked by John-Michael Liles.
14:11 of 3rd period - Matt Lashoff is hit by Sami Vatanen and loses puck.
14:47 of 3rd period - Vladimir Zharkov is hit by John Lammers and loses puck.
15:06 of 3rd period - Penalty to Steven Kampfer is over, Steven Kampfer is back on ice.
15:44 of 3rd period - Slapshot by Vojtech Polak.
15:44 of 3rd period - Shot Blocked by Zach Redmond.
16:02 of 3rd period - Vladimir Zharkov is hit by Mattias Ekholm and loses puck.
16:27 of 3rd period - Lars Eller is hit by Colby Robak and loses puck.
16:42 of 3rd period - John Lammers is hit by Kyle Palmieri and loses puck.
16:49 of 3rd period - Snap shot by Kyle Palmieri.
16:49 of 3rd period - Stopped by Martin Biron with a rebound.
16:51 of 3rd period - Minor Penalty to John Lammers for Hooking.
16:52 of 3rd period - Ville Leino wins face-off versus Vladimir Sobotka in Sewer Rats zone.
18:43 of 3rd period - Matt Lashoff is hit by Jonathan Ferland and loses puck.
18:51 of 3rd period - Penalty to John Lammers is over, John Lammers is back on ice.
19:04 of 3rd period - Snap shot by Ville Leino.
19:04 of 3rd period - Deflect By Peter Mueller.
19:04 of 3rd period - Shot Misses the Net.
19:04 of 3rd period - Puck is out of play.
19:05 of 3rd period - Brian Boyle wins face-off versus Lars Eller in Inferno zone.
19:05 of 3rd period - Brian Boyle is hit by Lars Eller.
19:13 of 3rd period - Slapshot by Steven Kampfer.
19:13 of 3rd period - Stopped by Michael Hutchinson with a rebound.
19:15 of 3rd period - Wrist shot by Lars Eller.
19:15 of 3rd period - Shot Misses the Net.
19:17 of 3rd period - Wrist shot by Lars Eller.
19:17 of 3rd period - Stopped by Michael Hutchinson with a rebound.
19:19 of 3rd period - Slapshot by Steven Kampfer.
19:19 of 3rd period - Shot Blocked by Matt Kassian.
19:21 of 3rd period - Slapshot by Lars Eller.
19:21 of 3rd period - Stopped by Michael Hutchinson without a rebound.
19:22 of 3rd period - Vladimir Sobotka wins face-off versus Peter Mueller in Inferno zone.
Goals for this period are 2 for Sewer Rats vs 1 for Inferno.
Shots for this period are 9 for Sewer Rats vs 5 for Inferno.
Back to the Top